 Dungeon Sprint DCSS version 0.26.1-11-gd32895ea62 (webtiles) character file.

Game seed: 18217325523467646122

8838 Zeld the Severer (level 11, -4/75 HPs)
             Began as a Human Monk on June 6, 2021.
             Was the Champion of Jiyva.
             Slain by a wolf spider (12 damage)
             ... in the Dungeon (Sprint V: "Ziggurat Sprint").
             The game lasted 00:04:59 (623 turns).

Zeld the Severer (Human Monk)                        Turns: 623, Time: 00:05:00

Health: -4/75      AC: 11    Str: 27    XL:     11   Next: 63%
Magic:  0/11       EV:  4    Int: 11    God:    Jiyva [******]
Gold:   0          SH:  0    Dex: 15    Spells: 10/10 levels left

rFire    + . .     SeeInvis +   j - +5 broad axe
rCold    . . .     Faith    .   i - +3 tower shield
rNeg     + . .     Spirit   +   h - +5 crystal plate armour
rPois    +         Reflect  .   F - +1 helmet {SInv}
rElec    .         Harm     .   (no cloak)
rCorr    +         Rampage  .   (no gloves)
Will     .....     NoTele   +   (no boots)
Stlth    ..........             s - amulet of the Salmon {Spirit *Slow +Blink rPois rN+}
HPRegen  0.22/turn              x - +6 ring of strength
MPRegen  0.12/turn              y - +6 ring of strength

@: confused, lethally poisoned (-4 -> -5), corroded, slowed, studying Fighting,
very slow
A: fangs 1, yellow scales 1, fire resistance 1, mutation resistance 1, sense
surroundings 1, poison resistance, acidic bite, MP-powered wands
a: Renounce Religion, Evoke Blink, Request Jelly, Slimify, Cure Bad Mutation


You were in the Dungeon.
You worshipped Jiyva.
Jiyva was exalted by your worship.
You visited 1 branch

Inventory:

Hand Weapons
 j - a +5 broad axe (weapon)
Armour
 h - a +5 crystal plate armour (worn)
 i - a +3 tower shield (worn)
 F - a +1 helmet of see invisible (worn)
Jewellery
 s - the amulet of the Salmon (around neck) {Spirit *Slow +Blink rPois rN+}
   (You found it in the Dungeon)

   [amulet of guardian spirit]

   It causes incoming damage to be split between your health and magic.
   It protects you from poison.
   It protects you from negative energy.
   It lets you blink.
   It may slow you when you take damage.
 x - a +6 ring of strength (left hand)
 y - a +6 ring of strength (right hand)
Wands
 u - a wand of disintegration (7)
 v - a wand of iceblast (7)
 w - a wand of acid (7)
Scrolls
 a - 4 scrolls of amnesia
 g - 4 scrolls of blinking
 k - 7 scrolls of fog
 l - a scroll of holy word
 m - 5 scrolls of identify
 n - 5 scrolls of remove curse
 o - 2 scrolls of fear
Potions
 b - 10 potions of curing
 c - 5 potions of heal wounds
 d - 6 potions of haste
 e - 7 potions of magic
 f - 3 potions of berserk rage
 p - 2 potions of brilliance
 q - 2 potions of invisibility
 r - 4 potions of resistance
 t - 5 potions of might
Books
 G - a manual of Fighting
Miscellaneous
 z - a lightning rod (4/4)
 A - a phial of floods
 B - a phantom mirror
 C - a tin of tremorstones (2/2)
 D - a box of beasts
 E - a condenser vane


   Skills:
 - Level 3.0 Fighting
 * Level 18.1 Axes
 - Level 3.0 Dodging
 - Level 2.0 Stealth
 * Level 18.1 Shields
 - Level 3.0 Unarmed Combat


You had 10 spell levels left.
You didn't know any spells.
Your spell library was empty.

Dungeon Overview and Level Annotations

Branches:
Dungeon (1/1)

Altars:
Ashenzari
Cheibriados
Dithmenos
Elyvilon
Fedhas
Gozag
Hepliaklqana
Kikubaaqudgha
Makhleb
Nemelex Xobeh
Okawaru
Qazlal
Ru
Sif Muna
Trog
Uskayaw
Vehumet
Wu Jian
Xom
Yredelemnul
Zin
The Shining One
Beogh
Jiyva
Lugonu


Innate Abilities, Weirdness & Mutations

You have very sharp teeth.
You are partially covered in yellow scales. (AC +2)
Your flesh is heat resistant. (rF+)
You are somewhat resistant to further mutation.
You passively map a small area around you.
Your system is resistant to poisons. (rPois)
You have acidic saliva.
You expend magic power (3 MP) to strengthen your wands.


Message History

Unknown command.
You feel much better.
You feel sick. The hornet stings you!
The jumping spider pounces on your azure jelly!
Your azure jelly dies!
The wolf spider barely misses you.
The wolf spider bites you but does no damage.
You hear a distant slurping noise.
You feel your power returning.
You feel better. The jumping spider pounces on you.
The jumping spider bites you.
* * * LOW HITPOINT WARNING * * *
The entropy weaver hits you.
* * * LOW HITPOINT WARNING * * *
The entropy weaver hits you!
* * * LOW HITPOINT WARNING * * *
The entropy weaver hits you but does no damage.
The entropy weaver hits you.
* * * LOW HITPOINT WARNING * * *
The hornet stings you but does no damage.
The wolf spider hits you!
You die...

, * ▓..[):.|..▓.
,▓..)[[=[..▓..="..[..▓.
, ≈
▓.........▓.........▓.
,
,*.........▓.........▓.
* ▓ .......
▓.........▓. 8 ▓. ..†..
.▓...).....▓. ,
▓..▓...▓..▓.......).▓.
,
8▓.▓.Bss.▓.▓.▓.....▓.▓.
, ,
8▓...y@s...▓....©....▓▓
8
8▓▓▓▓▓▓▓▓▓▓▓▓▓▓▓▓▓▓▓▓▓
* * ** *≈, , , 8 ,,, ,,
≈ ≈ ∆ , , ,, ,, , ≈ ∆∆
,, ≈ ≈≈≈≈ , * , , ,, ,
≈ ≈ ,


You could see an entropy weaver, a wolf spider, a hornet and 2 jumping spiders.

Vanquished Creatures
  Erica (D)
  A dancing weapon (D)
  A deep elf archer (D)
  A deep elf mage (D)
  2 ugly things (D)
  A toenail golem (D)
  2 gargoyles (D)
  2 red devils (D)
  A troll (shapeshifter) (D)
  Sigmund (D)
  A ynoxinul (D)
  A tarantella (D)
  A hog (shapeshifter) (D)
  A basilisk (shapeshifter) (D)
  Edmund (D)
  A naga (shapeshifter) (D)
  Duvessa (D)
  A black bear (shapeshifter) (D)
  A phantom (D)
  Blork the orc (D)
  Dowan (D)
  An earth elemental (D)
  A small abomination (D)
  2 wights (D)
  A crimson imp (D)
  Crazy Yiuf (D)
  An iron imp (D)
  Jessica (D)
  A river rat (D)
  A shadow imp (D)
  2 ufetubi (D)
  An adder skeleton (D)
  A worm (shapeshifter) (D)
  A bat zombie (D)
  2 quokka skeletons (D)
41 creatures vanquished.

Vanquished Creatures (collateral kills)
  A deep elf death mage (D)
  A dancing weapon (D)
  A deep elf knight (D)
  3 deep elf magi (D)
  A toenail golem (D)
  A jumping spider (D)
  A slime creature (D)
  A hornet (D)
  4 tarantellas (D)
  2 earth elementals (D)
  An iguana (D)
  2 river rats (D)
19 creatures vanquished.

Vanquished Creatures (others)
  A great orb of eyes (D)
  A shock serpent (shapeshifter) (D)
  3 deep elf magi (D)
  A slime creature (D)
  An air elemental (D)
  2 water elementals (D)
  A small abomination (D)
  A quasit (D)
  8 jellies (D)
  A quokka zombie (D)
20 creatures vanquished.

Grand Total: 80 creatures vanquished

Notes
Turn   | Place    | Note
-------+----------+-------------------------------------------
     0 | D        | Zeld the Human Monk began the quest for the Orb.
     0 | D        | Reached XP level 1. HP: 18/18 MP: 1/1
     1 | D        | Banished a spatial maelstrom
     3 | D        | Found a blossoming altar of Fedhas.
     4 | D        | Found the +6 Majin-Bo {vamp, MP+6 Int+6}
     4 | D        | Found the +9 heavy crossbow "Sniper" {vorpal, Acc+∞ SInv}
     4 | D        | Found the +10 dark maul {vorpal}
     4 | D        | Found the +15 Maxwell's patent armour {-Cast -Tele rElec
                  | Will+ rCorr}
     4 | D        | Found the +18 shield of the Gong {rElec rN+ Will+ EV-5}
     4 | D        | Found the cursed +14 obsidian axe {vorpal, +Fly SInv
                  | *Curse}
     4 | D        | Found the +7 great mace "Firestarter" {inner flame, rF++}
     4 | D        | Found the +6 shillelagh "Devastator" {shatter}
     4 | D        | Found the +11 plutonium sword {*Contam Stlth-}
     4 | D        | Found the +8 lance "Wyrmbane" {slay drac, rPois rF+ rC+
                  | AC+3}
     4 | D        | Found the +9 sword of Zonguldrok {reap}
     4 | D        | Found the cursed +13 scythe of Curses {drain, *Curse}
     4 | D        | Found the +5 sword of Power {vorpal}
     4 | D        | Found the +7 mace of Variability {chain chaos}
     4 | D        | Found the +7 Singing Sword {vorpal, sonic wave}
     4 | D        | Found the +8 storm bow {elec, penet}
     5 | D        | Found a viscous altar of Jiyva.
     5 | D        | Found a hazy altar of Hepliaklqana.
     5 | D        | Found a transporter.
     5 | D        | Found an opulent altar of Gozag.
     5 | D        | Found an ancient bone altar of Kikubaaqudgha.
     5 | D        | Found a corrupted altar of Lugonu.
    26 | D        | Found a burning altar of Makhleb.
    27 | D        | Found a sacrificial altar of Ru.
    27 | D        | Found a stormy altar of Qazlal.
    27 | D        | Found a shimmering blue altar of Sif Muna.
    27 | D        | Found an iron altar of Okawaru.
    27 | D        | Found a bloodstained altar of Trog.
    27 | D        | Found a sparkling altar of Nemelex Xobeh.
   124 | D        | Reached skill level 5 in Axes
   124 | D        | Reached skill level 5 in Shields
   124 | D        | Reached XP level 2. HP: 24/24 MP: 2/2
   126 | D        | Became a worshipper of Jiyva Jaush the Shapeless
   126 | D        | Reached * piety under Jiyva
   126 | D        | Reached ** piety under Jiyva
   126 | D        | Reached *** piety under Jiyva
   126 | D        | Reached **** piety under Jiyva
   126 | D        | Gained mutation: You have a small jelly attached to you
                  | that may absorb incoming projectiles. [Jiyva's grace]
   126 | D        | Reached ***** piety under Jiyva
   126 | D        | Gained mutation: You have acidic saliva. [Jiyva's grace]
   126 | D        | Reached ****** piety under Jiyva
   126 | D        | Gained mutation: Your muscles are strong. (Str +2) [Jiyva's
                  | grace]
   126 | D        | Gained mutation: Your spells are a little harder to cast,
                  | but a little more powerful. [Jiyva's grace]
   126 | D        | Gained mutation: Your translucent skin slightly reduces
                  | your foes' accuracy. (Stealth) [Jiyva's grace]
   126 | D        | Gained mutation: Your body has grown golden eyes which may
                  | confuse attackers. (Acc +3) [Jiyva's grace]
   126 | D        | Gained mutation: Your mind is acute. (Int +2) [Jiyva's
                  | grace]
   126 | D        | Lost mutation: Your translucent skin slightly reduces your
                  | foes' accuracy. (Stealth) [Jiyva's grace]
   126 | D        | Gained mutation: You are agile. (Dex +2) [Jiyva's grace]
   126 | D        | Lost mutation: Your muscles are strong. (Str +2) [Jiyva's
                  | grace]
   126 | D        | Gained mutation: You have a small jelly attached to you
                  | that senses nearby items. [Jiyva's grace]
   126 | D        | Gained mutation: You can translocate small distances at
                  | will. [Jiyva's grace]
   126 | D        | Gained mutation: You possess an exceptional clarity of
                  | mind. [Jiyva's grace]
   126 | D        | Gained mutation: You have a pair of small horns on your
                  | head. [Jiyva's grace]
   128 | D        | Lost mutation: You possess an exceptional clarity of mind.
                  | [Jiyva's grace]
   129 | D        | Killed a great orb of eyes
   131 | D        | Gained mutation: You are somewhat resistant to further
                  | mutation. [Jiyva's grace]
   131 | D        | Lost mutation: You have a small jelly attached to you that
                  | senses nearby items. [Jiyva's grace]
   131 | D        | Gained mutation: Your muscles are strong. (Str +2) [Jiyva's
                  | grace]
   133 | D        | Gained mutation: Your translucent skin slightly reduces
                  | your foes' accuracy. (Stealth) [Jiyva's grace]
   133 | D        | Killed a deep elf mage
   134 | D        | Killed a shock serpent
   135 | D        | Lost mutation: Your body has grown golden eyes which may
                  | confuse attackers. (Acc +3) [Jiyva's grace]
   135 | D        | Lost mutation: Your mind is acute. (Int +2) [Jiyva's grace]
   135 | D        | Lost mutation: You have acidic saliva. [Jiyva's grace]
   135 | D        | Lost mutation: You have a small jelly attached to you that
                  | may absorb incoming projectiles. [Jiyva's grace]
   135 | D        | Gained mutation: You have a small jelly attached to you
                  | that senses nearby items. [Jiyva's grace]
   136 | D        | Lost mutation: Your spells are a little harder to cast, but
                  | a little more powerful. [Jiyva's grace]
   138 | D        | Lost mutation: Your muscles are strong. (Str +2) [Jiyva's
                  | grace]
   138 | D        | Lost mutation: Your translucent skin slightly reduces your
                  | foes' accuracy. (Stealth) [Jiyva's grace]
   138 | D        | Gained mutation: You expend magic power (3 MP) to
                  | strengthen your wands. [Jiyva's grace]
   140 | D        | Killed a quasit
   140 | D        | Lost mutation: You are somewhat resistant to further
                  | mutation. [Jiyva's grace]
   140 | D        | Gained mutation: You have acidic saliva. [Jiyva's grace]
   141 | D        | Lost mutation: You have a pair of small horns on your head.
                  | [Jiyva's grace]
   144 | D        | Gained mutation: Your translucent skin slightly reduces
                  | your foes' accuracy. (Stealth) [Jiyva's grace]
   145 | D        | Lost mutation: You have a small jelly attached to you that
                  | senses nearby items. [Jiyva's grace]
   145 | D        | Gained mutation: You are partially covered in rugged brown
                  | scales. (AC +1, +3% HP) [Jiyva's grace]
   147 | D        | Lost mutation: You expend magic power (3 MP) to strengthen
                  | your wands. [Jiyva's grace]
   147 | D        | Gained mutation: You have very sharp teeth. [Jiyva's grace]
   149 | D        | Lost mutation: Your translucent skin slightly reduces your
                  | foes' accuracy. (Stealth) [Jiyva's grace]
   150 | D        | Gained mutation: You have large cloven feet. [Jiyva's
                  | grace]
   150 | D        | Lost mutation: You have acidic saliva. [Jiyva's grace]
   150 | D        | Lost mutation: You have large cloven feet. [Jiyva's grace]
   150 | D        | Gained mutation: You have a small jelly attached to you
                  | that may absorb incoming projectiles. [Jiyva's grace]
   150 | D        | Lost mutation: You can translocate small distances at will.
                  | [Jiyva's grace]
   150 | D        | Gained mutation: Your translucent skin slightly reduces
                  | your foes' accuracy. (Stealth) [Jiyva's grace]
   150 | D        | Gained mutation: Your flesh is heat resistant. (rF+)
                  | [Jiyva's grace]
   150 | D        | Gained mutation: You are partially covered in large bone
                  | plates. (SH +4) [Jiyva's grace]
   152 | D        | Gained mutation: You have a pair of small horns on your
                  | head. [Jiyva's grace]
   152 | D        | Lost mutation: Your translucent skin slightly reduces your
                  | foes' accuracy. (Stealth) [Jiyva's grace]
   156 | D        | Gained mutation: You possess an exceptional clarity of
                  | mind. [Jiyva's grace]
   161 | D        | Gained mutation: You have an increased reservoir of magic.
                  | (+10% MP) [Jiyva's grace]
   166 | D        | Lost mutation: You are agile. (Dex +2) [Jiyva's grace]
   170 | D        | Gained mutation: You are somewhat resistant to further
                  | mutation. [Jiyva's grace]
   173 | D        | Gained mutation: You are clumsy. (Dex -2) [Jiyva's grace]
   179 | D        | Lost mutation: You are clumsy. (Dex -2) [Jiyva's grace]
   180 | D        | Entered arena 2.
   180 | D        | Noticed a tarantella
   180 | D        | Noticed a tarantella
   180 | D        | Found a transporter.
   182 | D        | Lost mutation: You have a pair of small horns on your head.
                  | [Jiyva's grace]
   183 | D        | Gained mutation: You are agile. (Dex +2) [Jiyva's grace]
   185 | D        | Killed a tarantella
   186 | D        | Reached XP level 3. HP: 12/29 MP: 3/3
   186 | D        | Reached XP level 4. HP: 15/36 MP: 4/4
   186 | D        | Killed a tarantella
   187 | D        | Reached XP level 5. HP: 31/42 MP: 5/5
   187 | D        | Reached XP level 6. HP: 36/48 MP: 6/6
   190 | D        | Lost mutation: You possess an exceptional clarity of mind.
                  | [Jiyva's grace]
   197 | D        | Gained mutation: You have acidic saliva. [Jiyva's grace]
   205 | D        | Gained mutation: You are covered in fur. (AC +1) [Jiyva's
                  | grace]
   209 | D        | Entered arena 3.
   209 | D        | Noticed a deep elf knight
   209 | D        | Noticed a deep elf mage
   209 | D        | Noticed a deep elf mage
   209 | D        | Found a transporter.
   212 | D        | Lost mutation: You have acidic saliva. [Jiyva's grace]
   213 | D        | Slimified a deep elf knight
   213 | D        | Noticed a slime creature
   213 | D        | a deep elf knight changed into a slime creature
   213 | D        | Gained mutation: Your rubbery body absorbs attacks. (AC +1,
                  | EV +1) [Jiyva's grace]
   216 | D        | Gained mutation: You are robust. (+10% HP) [Jiyva's grace]
   216 | D        | Killed a deep elf mage
   217 | D        | Killed a deep elf mage
   218 | D        | Reached skill level 10 in Axes
   218 | D        | Reached skill level 10 in Shields
   218 | D        | Reached XP level 7. HP: 58/58 MP: 7/7
   219 | D        | Lost mutation: You are agile. (Dex +2) [Jiyva's grace]
   219 | D        | Lost mutation: You are somewhat resistant to further
                  | mutation. [Jiyva's grace]
   219 | D        | Killed a deep elf mage
   221 | D        | Lost mutation: You have an increased reservoir of magic.
                  | (+10% MP) [Jiyva's grace]
   224 | D        | Gained mutation: Your flesh is cold resistant. (rC+)
                  | [Jiyva's grace]
   227 | D        | Entered arena 4.
   227 | D        | Gained mutation: Armour fits poorly on your pseudopods.
                  | [Jiyva's grace]
   227 | D        | Found a transporter.
   230 | D        | Lost mutation: Your flesh is heat resistant. (rF+) [Jiyva's
                  | grace]
   231 | D        | Reached XP level 8. HP: 65/65 MP: 8/8
   234 | D        | Gained mutation: Your mind is acute. (Int +2) [Jiyva's
                  | grace]
   235 | D        | Got the amulet of the Salmon {Spirit *Slow +Blink rPois
                  | rN+}
   236 | D        | Lost mutation: You are covered in fur. (AC +1) [Jiyva's
                  | grace]
   236 | D        | Gained mutation: Your movements are slightly less
                  | encumbered by armour. (ER -2) [Jiyva's grace]
   236 | D        | Lost mutation: Your mind is acute. (Int +2) [Jiyva's grace]
   239 | D        | Lost mutation: You are robust. (+10% HP) [Jiyva's grace]
   244 | D        | Lost mutation: Armour fits poorly on your pseudopods.
                  | [Jiyva's grace]
   247 | D        | Entered arena 5.
   247 | D        | Noticed a basilisk
   247 | D        | Noticed a hornet
   247 | D        | a warg changed into a hornet
   247 | D        | Found a transporter.
   249 | D        | Gained mutation: You expend magic power (3 MP) to
                  | strengthen your wands. [Jiyva's grace]
   250 | D        | Noticed a slime creature
   250 | D        | a soldier ant changed into a slime creature
   251 | D        | a hornet changed into a soldier ant
   252 | D        | Lost mutation: You expend magic power (3 MP) to strengthen
                  | your wands. [Jiyva's grace]
   256 | D        | Lost mutation: You have a small jelly attached to you that
                  | may absorb incoming projectiles. [Jiyva's grace]
   259 | D        | Killed a slime creature
   260 | D        | Noticed a queen bee
   260 | D        | a soldier ant changed into a queen bee
   260 | D        | Gained mutation: You are agile. (Dex +2) [Jiyva's grace]
   262 | D        | Killed a basilisk
   263 | D        | Noticed a rime drake
   263 | D        | an acid dragon changed into a rime drake
   263 | D        | Gained mutation: Your translucent skin slightly reduces
                  | your foes' accuracy. (Stealth) [Jiyva's grace]
   267 | D        | Noticed a hog
   267 | D        | a rime drake changed into a hog
   267 | D        | Lost mutation: You are partially covered in large bone
                  | plates. (SH +4) [Jiyva's grace]
   270 | D        | Noticed a troll
   270 | D        | a queen bee changed into a troll
   273 | D        | Killed a hog
   275 | D        | Lost mutation: Your flesh is cold resistant. (rC+) [Jiyva's
                  | grace]
   278 | D        | Lost mutation: Your rubbery body absorbs attacks. (AC +1,
                  | EV +1) [Jiyva's grace]
   282 | D        | Gained mutation: You are resistant to electric shocks.
                  | (rElec) [Jiyva's grace]
   283 | D        | Killed a troll
   286 | D        | Lost mutation: Your translucent skin slightly reduces your
                  | foes' accuracy. (Stealth) [Jiyva's grace]
   291 | D        | Gained mutation: Your spells are a little harder to cast,
                  | but a little more powerful. [Jiyva's grace]
   294 | D        | Gained mutation: Your mind is acute. (Int +2) [Jiyva's
                  | grace]
   299 | D        | Lost mutation: You are agile. (Dex +2) [Jiyva's grace]
   301 | D        | Entered arena 6.
   301 | D        | Noticed a green ugly thing
   301 | D        | Noticed a brown ugly thing
   301 | D        | Found a transporter.
   305 | D        | Lost mutation: Your movements are slightly less encumbered
                  | by armour. (ER -2) [Jiyva's grace]
   309 | D        | Lost mutation: Your mind is acute. (Int +2) [Jiyva's grace]
   311 | D        | Gained mutation: You evolve. [Jiyva's grace]
   312 | D        | Gained mutation: You are covered in slimy tendrils that may
                  | disarm your opponents. [Jiyva's grace]
   313 | D        | Lost mutation: You are partially covered in rugged brown
                  | scales. (AC +1, +3% HP) [Jiyva's grace]
   313 | D        | Gained mutation: You have acidic saliva. [Jiyva's grace]
   313 | D        | Lost mutation: You have acidic saliva. [Jiyva's grace]
   319 | D        | Gained mutation: You are frail. (-10% HP) [Jiyva's grace]
   320 | D        | Killed a brown ugly thing
   320 | D        | Killed a brown ugly thing
   321 | D        | Reached XP level 9. HP: 56/56 MP: 9/9
   332 | D        | Lost mutation: You are resistant to electric shocks.
                  | (rElec) [Jiyva's grace]
   332 | D        | Gained mutation: You rapidly evolve. [Jiyva's grace]
   332 | D        | Lost mutation: You are frail. (-10% HP) [Jiyva's grace]
   332 | D        | Gained mutation: You are robust. (+10% HP) [Jiyva's grace]
   332 | D        | Lost mutation: Your spells are a little harder to cast, but
                  | a little more powerful. [Jiyva's grace]
   332 | D        | Gained mutation: You are partially covered in large bone
                  | plates. (SH +4) [Jiyva's grace]
   341 | D        | Entered arena 7.
   341 | D        | Noticed a slime creature
   341 | D        | Noticed a shining eye
   342 | D        | Found the +5 demon whip "Spellbinder" {antimagic, Will+}
   342 | D        | Found a transporter.
   347 | D        | Gained mutation: You are partially covered in iridescent
                  | scales. (AC +2) [Jiyva's grace]
   354 | D        | Entered arena 8.
   355 | D        | Found a transporter.
   355 | D        | Lost mutation: You rapidly evolve. [Jiyva's grace]
   368 | D        | Gained mutation: You have large cloven feet. [Jiyva's
                  | grace]
   384 | D        | Entered arena 9.
   384 | D        | Noticed a toenail golem
   384 | D        | Noticed a toenail golem
   384 | D        | Noticed a gargoyle
   384 | D        | Noticed a gargoyle
   388 | D        | Lost mutation: You are partially covered in iridescent
                  | scales. (AC +2) [Jiyva's grace]
   397 | D        | Killed a gargoyle
   398 | D        | Killed a toenail golem
   399 | D        | Reached skill level 15 in Axes
   399 | D        | Reached skill level 15 in Shields
   399 | D        | Reached XP level 10. HP: 62/77 MP: 10/10
   400 | D        | Killed a gargoyle
   400 | D        | Gained mutation: Your translucent skin slightly reduces
                  | your foes' accuracy. (Stealth) [Jiyva's grace]
   400 | D        | Killed a toenail golem
   401 | D        | Found a transporter.
   410 | D        | Lost mutation: You evolve. [Jiyva's grace]
   411 | D        | Got the amulet "Ysunlila" {RegenMP Will+ Int+4}
   413 | D        | Got the cursed +0 plate armour of the Ladybird {-Tele Harm
                  | rCorr}
   418 | D        | Entered arena 10.
   418 | D        | Noticed Sigmund
   418 | D        | Noticed Jessica
   418 | D        | Noticed Blork the orc
   418 | D        | Noticed Crazy Yiuf
   418 | D        | Noticed Dowan
   418 | D        | Noticed Duvessa
   418 | D        | Noticed Edmund
   418 | D        | Noticed Erica
   419 | D        | Found a transporter.
   423 | D        | Killed Duvessa
   424 | D        | Killed Dowan
   424 | D        | Killed Jessica
   427 | D        | Killed Blork the orc
   428 | D        | Lost mutation: You are robust. (+10% HP) [Jiyva's grace]
   430 | D        | Killed Crazy Yiuf
   432 | D        | Killed Erica
   435 | D        | Killed Edmund
   437 | D        | Gained mutation: Your system is resistant to poisons.
                  | (rPois) [Jiyva's grace]
   450 | D        | Lost mutation: Your translucent skin slightly reduces your
                  | foes' accuracy. (Stealth) [Jiyva's grace]
   456 | D        | Killed Sigmund
   457 | D        | Lost mutation: You are covered in slimy tendrils that may
                  | disarm your opponents. [Jiyva's grace]
   474 | D        | Gained mutation: You have a small jelly attached to you
                  | that senses nearby items. [Jiyva's grace]
   479 | D        | Entered arena 11.
   479 | D        | Noticed a deep elf mage
   479 | D        | Noticed a +1 scimitar of flaming
   479 | D        | Noticed a deep elf mage
   479 | D        | Noticed a deep elf death mage
   479 | D        | Noticed a +2 dire flail of protection
   479 | D        | Noticed a deep elf knight
   479 | D        | Noticed a deep elf archer
   482 | D        | Killed a deep elf death mage
   485 | D        | Killed a +2 dire flail of protection
   486 | D        | Reached XP level 11. HP: 75/75 MP: 11/11
   487 | D        | Killed a deep elf mage
   488 | D        | Killed a +1 scimitar of flaming
   488 | D        | Killed a deep elf knight
   489 | D        | Lost mutation: You are partially covered in large bone
                  | plates. (SH +4) [Jiyva's grace]
   490 | D        | Found a transporter.
   496 | D        | Gained mutation: You passively map a small area around you.
                  | [Jiyva's grace]
   496 | D        | Gained mutation: Your body has grown golden eyes which may
                  | confuse attackers. (Acc +3) [Jiyva's grace]
   496 | D        | Gained mutation: You have hoof-like feet. [Jiyva's grace]
   497 | D        | Lost mutation: Your body has grown golden eyes which may
                  | confuse attackers. (Acc +3) [Jiyva's grace]
   498 | D        | Killed a deep elf archer
   502 | D        | Killed a deep elf mage
   502 | D        | Lost mutation: You have hoof-like feet. [Jiyva's grace]
   511 | D        | Killed a deep elf mage
   513 | D        | Gained mutation: You evolve. [Jiyva's grace]
   525 | D        | Lost mutation: You have a small jelly attached to you that
                  | senses nearby items. [Jiyva's grace]
   526 | D        | Entered arena 12.
   528 | D        | Found a transporter.
   539 | D        | Lost mutation: You have large cloven feet. [Jiyva's grace]
   552 | D        | Gained mutation: Your flesh is heat resistant. (rF+)
                  | [Jiyva's grace]
   562 | D        | Gained mutation: You are strong-willed. (Will+) [Jiyva's
                  | grace]
   572 | D        | Gained mutation: You are partially covered in yellow
                  | scales. (AC +2) [Jiyva's grace]
   581 | D        | Lost mutation: You are strong-willed. (Will+) [Jiyva's
                  | grace]
   590 | D        | Gained mutation: You have acidic saliva. [Jiyva's grace]
   603 | D        | Gained mutation: You expend magic power (3 MP) to
                  | strengthen your wands. [Jiyva's grace]
   606 | D        | Entered arena 13.
   606 | D        | Noticed a spark wasp
   606 | D        | Noticed an entropy weaver
   607 | D        | Found the +27 Lear's hauberk
   607 | D        | Noticed a wolf spider
   611 | D        | Slimified a spark wasp
   611 | D        | a spark wasp changed into a slime creature
   614 | D        | Was placed under penance by Jiyva
   615 | D        | Was forgiven by Jiyva
   619 | D        | Lost mutation: You evolve. [Jiyva's grace]
   619 | D        | Gained mutation: You are somewhat resistant to further
                  | mutation. [Jiyva's grace]
   623 | D        | Slain by a wolf spider

Illustrated notes

Levels and vault maps discovered:
D:        sprint_v [room_start, room_1, room_2, room_3, room_4, room_5, room_6,
          room_7, room_8, room_9, room_10, room_11, room_12, room_13, room_14,
          room_15, room_16, room_17, room_18, room_19, room_20, room_21,
          room_22, room_23, room_24, room_25, room_26, room_27]

Skill      XL: |  1  2  3  4  5  6  7  8  9 10 11 |
---------------+----------------------------------+-----
Axes           | 5 7 9 10 11 13 15 16 18 | 18.1
Shields        | 5 7 9 10 11 13 15 16 18 | 18.1
Fighting       | |  3.0
Dodging        | |  3.0
Stealth        | |  2.0
Unarmed Combat | |  3.0

Action                   |  1- 3 |  4- 6 |  7- 9 | 10-12 || total
-------------------------+-------+-------+-------+-------++-------
Melee: Broad axe         |     3 |     5 |    70 |    65 ||   143
       Bite              |     2 |     2 |     8 |    11 ||    23
       Pseudopods        |       |       |     2 |       ||     2
       Kick              |       |       |    10 |    15 ||    25
Invok: Slimify           |       |     1 |     1 |     1 ||     3
  Use: Potion            |     1 |       |       |     7 ||     8
Armor: Crystal plate arm |     5 |     2 |    77 |    67 ||   151
Dodge: Dodged            |     1 |       |    16 |    16 ||    33
Block: Tower shield      |     8 |     4 |   122 |   131 ||   265
